 Dungeon Crawl Stone Soup version 0.29-a0-275-g389c0b56f3 (webtiles) character file.

Game seed: 16337555012198237276

5154 HotDog the Carver (level 10, -11/79 HPs)
             Began as a Minotaur Fighter on Mar 10, 2022.
             Was a Follower of the Shining One.
             Mangled by Psyche
             ... wielding a +2 dagger of distortion
              (24 damage)
             ... on level 8 of the Dungeon.
             The game lasted 00:19:04 (14304 turns).

HotDog the Carver (Minotaur Fighter)               Turns: 14304, Time: 00:19:04

Health: -11/79     AC: 16    Str: 25    XL:     10   Next: 33%
Magic:  12/12      EV:  9    Int:  7    God:    the Shining One [*.....]
Gold:   507        SH:  5    Dex: 10    Spells: 9/9 levels left

rFire   . . .      SeeInvis +   j - +1 scimitar
rCold   . . .      Faith    .   c - +0 buckler
rNeg    . . .      Spirit   .   e - +0 chain mail
rPois   .          Reflect  .   (helmet restricted)
rElec   .          Harm     .   n - +0 cloak
rCorr   .          Rampage  .   (no gloves)
Will    +....                   v - +2 pair of boots
Stlth   ..........              (no amulet)
HPRegen 0.23/turn               f - ring of Disaster {Fly Will+ Int+2 SInv}
MPRegen 0.13/turn               (no ring)

@: mighty, flying, glowing
A: horns 2, retaliatory headbutt, hooves 1, frail 1
a: Renounce Religion, Divine Shield


You were on level 8 of the Dungeon.
You worshipped the Shining One.
The Shining One was aware of your devotion.
You visited 2 branches of the dungeon, and saw 10 of its levels.
You also visited: Sewer.

You collected 507 gold pieces.

Inventory:

Hand Weapons
 j - a +1 scimitar (weapon)
Armour
 c - a +0 buckler (worn)
 e - a +0 chain mail (worn)
 n - a +0 cloak (worn)
 p - a +0 plate armour
 v - a +2 pair of boots (worn)
Jewellery
 f - the ring of Disaster (left hand) {Fly Will+ Int+2 SInv}
   (You acquired it on level 3 of the Dungeon)

   [ring of flight]

   Int:       It affects your intelligence (+2).
   SInv:      It lets you see invisible.
   Fly:       It grants you flight.
   Will:      It increases your willpower.
 s - a ring of wizardry
 t - an amulet of magic regeneration
Wands
 z - a wand of iceblast (11)
 D - a wand of polymorph (9)
Scrolls
 h - a scroll of fear
 k - 3 scrolls of teleportation
 m - 3 scrolls of blinking
 o - a scroll of summoning {unknown}
 u - 2 scrolls of fog
 y - 5 scrolls of identify
 F - 2 scrolls of holy word
Potions
 a - a potion of resistance
 b - 2 potions of lignification
 d - a potion of might
 g - a potion of brilliance
 i - a potion of cancellation
 q - 4 potions of attraction
 x - 6 potions of flight
 B - a potion of haste
 E - a potion of berserk rage {unknown}


   Skills:
 * Level 7.9 Fighting
 * Level 10.7 Long Blades
 * Level 9.8 Armour
 * Level 5.0 Dodging
 * Level 6.8 Shields
 * Level 4.6 Invocations


You had 9 spell levels left.
You didn't know any spells.
Your spell library contained the following spells:

 Spells                   Type           Power      Damage    Failure   Level
 Freeze                   Ice            0%         1d3       96%         1
 Static Discharge         Conj/Air       0%         N/A       99%         2
 Sublimation of Blood     Necr           0%         N/A       99%         2
 Wereblood                Tmut           0%         N/A       99%         2
 Frozen Ramparts          Ice            0%         1d2       100%        3
 Dispel Undead            Necr           0%         3d6       100%        4
 Hailstorm                Conj/Ice       0%         3d3       100%        4
 Sticky Flame             Conj/Fire      0%         2d3       100%        4
 Summon Hydra             Summ           0%         N/A       100%        7


Dungeon Overview and Level Annotations

Branches:
Dungeon (9/15)             Temple (1/1) D:6           Sewer (visited)
   Lair: D:8-11         Orc: D:9-12

Altars:
Ashenzari
Cheibriados
Dithmenos
Elyvilon
Fedhas
Gozag
Hepliaklqana
Kikubaaqudgha
Makhleb
Nemelex Xobeh
Okawaru
Qazlal
Ru
Sif Muna
Trog
Uskayaw
Vehumet
Xom
Yredelemnul
Zin
The Shining One

Shops:
D:2 ((*   D:5 =   D:7 [   D:8 (

Annotations:
D:8 1 runed translucent door, Psyche; confidenceinterval's ghost, novice MiFi


Innate Abilities, Weirdness & Mutations

You have a pair of horns on your head.
You reflexively headbutt those who attack you in melee.
You have large cloven feet.
You are frail. (-10% HP)


Message History

The arc of chaos hits you.
Psyche hits you with a +2 dagger of distortion.
You blink.
Psyche hits you but does no damage. Space warps around you.
You hit Psyche but do no damage. Your headbutt misses Psyche.
Psyche is severely wounded.
Psyche casts a spell at you. You resist with almost no effort.
You hit Psyche.
Psyche is almost dead.
You block Psyche's attack.
Psyche casts a spell.
A swirling arc of seething chaos appears!
The arc of chaos hits you! You resist with almost no effort.
You barely miss Psyche.
Psyche is almost dead.
Psyche drinks a potion.
Psyche is healed!
You closely miss Psyche. You headbutt Psyche.
Psyche is moderately wounded.
Psyche casts a spell.
A swirling arc of seething chaos appears!
The arc of chaos hits you but does no damage.
You slash Psyche! Your headbutt misses Psyche.
Psyche is severely wounded.
Psyche hits you with a +2 dagger of distortion!
* * * LOW HITPOINT WARNING * * *
Space warps around you.
* * * LOW HITPOINT WARNING * * *
You feel better. You block Psyche's attack.
You feel very mighty all of a sudden.
Psyche hits you with a +2 dagger of distortion.
* * * LOW HITPOINT WARNING * * *
You blink.
Psyche gestures wildly while chanting.
A swirling arc of seething chaos appears!
The arc of chaos hits you but does no damage.
Psyche zaps a wand.
The mass of ice explodes!
The iceblast engulfs you.
* * * LOW HITPOINT WARNING * * *
Psyche hits you but does no damage. Space warps horribly around you!!
You die...

....# #.##.<.........
...?# #.##..####.##..
...##
#####.##...........
#.##
#.................# #.#
#..<#.##.#####.#### #.#
####...#.##.#####.# ##
#.#
##.................###.
#.##
#.....@.....>########..
...## #.....@....#.#
#... ....#
#.###>..####.# #...
....# #.# #...# #.#
#.#. ....# #.# #...#
#.# #.## ...## #.#
##.#####z#######.##
###### #.#
#................#
.....######.#
######.z..........
...#........#
#..####.#...)
##...######.# #..#
#......


You could see Psyche (invisible).

Vanquished Creatures
  Pikel (D:4)
  A slime creature (D:8)
  Sigmund (D:2)
  A yak (D:8)
  2 wyverns
  An acid dragon (D:8)
  3 water moccasins
  4 ice beasts
  2 black bears
  2 orc warriors
  4 sky beasts
  A centaur (D:8)
  2 lemures
  2 kobold brigands
  2 necrophages
  A scorpion (D:4)
  6 wights
  6 killer bees
  2 electric eels
  4 howler monkeys
  4 orc priests
  A jelly (D:8)
  Crazy Yiuf (D:4)
  5 hounds
  2 gnoll shamans
  An iguana (D:5)
  A merfolk siren (Sewer)
  10 orc wizards
  A merfolk avatar (Sewer)
  Robin (D:2)
  8 gnolls
  19 adders
  5 river rats
  4 white imps
  3 worms
  3 dart slugs
  29 orcs
  8 bats
  6 endoplasms
  4 giant cockroaches
  12 goblins
  13 hobgoblins
  2 jackals (D:5)
  9 kobolds
  8 quokkas
  11 ball pythons
  6 frilled lizards (Sewer)
  29 rats
254 creatures vanquished.

Vanquished Creatures (others)
  A killer bee (D:9)
  3 fungi (D:9)
  23 plants
27 creatures vanquished.

Grand Total: 281 creatures vanquished

Notes
Turn   | Place    | Note
-------+----------+-------------------------------------------
     0 | D:1      | HotDog the Minotaur Fighter began the quest for the Orb.
     0 | D:1      | Reached XP level 1. HP: 19/19 MP: 0/0
    99 | D:1      | Reached XP level 2. HP: 27/27 MP: 1/1
   434 | D:1      | Found a faded altar of an unknown god.
   661 | D:2      | Reached XP level 3. HP: 24/33 MP: 2/2
   741 | D:2      | Found Olikk's Antique Weapon Shoppe.
   754 | D:2      | Reached skill level 3 in Long Blades
   788 | D:2      | Found Rexev's Weapon Shoppe.
   859 | D:2      | Noticed Robin
   882 | D:2      | Reached XP level 4. HP: 40/40 MP: 3/3
   951 | D:2      | Killed Robin
  1042 | D:2      | Noticed Sigmund
  1049 | D:2      | Reached skill level 1 in Dodging
  1058 | D:2      | Killed Sigmund
  1059 | D:2      | Reached skill level 4 in Long Blades
  1059 | D:2      | Reached skill level 1 in Invocations
  1059 | D:2      | Reached XP level 5. HP: 21/47 MP: 3/5
  1426 | D:2      | Found Hiennil's Assorted Antiques.
  1535 | D:2      | Reached XP level 6. HP: 48/53 MP: 6/6
  1584 | D:2      | Found a broken altar of Ashenzari.
  1897 | D:3      | Identified a scroll of acquirement
  1897 | D:3      | Acquired the ring of Disaster {Fly Will+ Int+2 SInv}
  1936 | D:3      | Found a glowing drain.
  1946 | Sewer    | Entered a sewer
  2519 | Sewer    | Reached skill level 5 in Long Blades
  2860 | D:3      | Reached skill level 5 in Fighting
  2972 | D:3      | Reached skill level 5 in Armour
  3678 | D:3      | Reached XP level 7. HP: 61/61 MP: 7/7
  4003 | D:3      | Reached skill level 6 in Long Blades
  4027 | D:4      | Noticed Pikel
  4283 | D:4      | Identified the +3 mace of the Bespelled God {flame, *Noise
                  | Will+ Int+2}
  4333 | D:4      | Gained mutation: Your body sometimes deteriorates upon
                  | taking damage. [potion of mutation]
  4333 | D:4      | Lost mutation: Your body sometimes deteriorates upon taking
                  | damage. [potion of mutation]
  4333 | D:4      | Gained mutation: Armour fits poorly on your strangely
                  | shaped body. [potion of mutation]
  4333 | D:4      | Gained mutation: You have sharp toenails. [potion of
                  | mutation]
  4344 | D:4      | Killed Pikel
  4345 | D:4      | Reached skill level 7 in Long Blades
  4345 | D:4      | Reached skill level 5 in Shields
  4345 | D:4      | Reached XP level 8. HP: 45/69 MP: 8/8
  4623 | D:4      | Found a runed translucent door.
  4624 | D:4      | Noticed Crazy Yiuf
  5684 | D:4      | Killed Crazy Yiuf
  5920 | D:5      | Entered Level 5 of the Dungeon
  6262 | D:5      | You are sucked into a shaft and drop 3 floors!
  7190 | D:7      | Reached skill level 8 in Long Blades
  7194 | D:7      | Found Ompeam's Armour Boutique.
  7775 | D:5      | Reached XP level 9. HP: 76/78 MP: 10/10
  7802 | D:5      | Found Teorats's Jewellery Boutique.
  8220 | D:6      | Reached skill level 9 in Long Blades
  8808 | D:6      | Found a staircase to the Ecumenical Temple.
  8845 | Temple   | Entered the Ecumenical Temple
  9032 | Temple   | Became a worshipper of the Shining One
 10662 | D:9      | HP: 3/77 [poisoned by a killer bee]
 11244 | D:9      | Found a shadowy altar of Dithmenos.
 11275 | D:8      | Identified the +3 war axe of an ossuary {elec, rC+ Will+
                  | Dex+2}
 11684 | D:7      | Lost mutation: Armour fits poorly on your strangely shaped
                  | body. [potion of mutation]
 11684 | D:7      | Lost mutation: You have sharp toenails. [potion of
                  | mutation]
 11684 | D:7      | Gained mutation: You are frail. (-10% HP) [potion of
                  | mutation]
 11684 | D:7      | Gained mutation: You have large cloven feet. [potion of
                  | mutation]
 12048 | D:8      | Found Putages's Antique Weapon Shoppe.
 12464 | D:8      | Reached skill level 10 in Long Blades
 12977 | D:8      | Noticed confidenceinterval's ghost (novice MiFi)
 12978 | D:8      | Found a runed translucent door.
 13038 | D:8      | Reached XP level 10. HP: 68/77 MP: 12/12
 13504 | D:9      | Reached * piety under the Shining One
 14271 | D:9      | Reached skill level 5 in Dodging
 14282 | D:9      | Noticed Psyche
 14304 | D:8      | Mangled by Psyche

Illustrated notes

Levels and vault maps discovered:
D:1:      dpeg_arrival_simpleton_c, layout_rooms,
          dreamdust_ecumenical_altar_hidden_monk_grotto
D:2:      layout_basic, serial_shops, shop, nicolae_shop_bloodbath_and_beyond,
          shop, basic_altar, uniq_robin, uniq_sigmund
D:3:      layout_basic, lightli_sewer_entry_pipes
D:4:      layout_basic, uniq_crazy_yiuf_cottage, uniq_pikel
D:5:      layout_basic, serial_shops, shop_statue
D:6:      layout_rooms, minmay_temple_entry_hall, fountainhead
D:7:      layout_basic, serial_shops, shop, serial_rivers,
          chequers_serial_rivers_marsh, chequers_serial_rivers_small_a,
          chequers_serial_rivers_small_a, chequers_serial_rivers_room_a,
          serial_bayou_pond_a, serial_bayou_pond_c
D:8:      minmay_octagon_keep, layout_loops_ring, serial_shops,
          kennysheep_mini_moat, gammafunk_ghost_grave
D:9:      layout_irregular_city, minmay_lair_entry_grove, serial_column_ruins,
          column_ruins_hut_ruined, column_ruins_columns_straight,
          column_ruins_open_tiny, column_ruins_columns_corner,
          column_ruins_open_tiny_water, column_ruins_columns_corner,
          hangedman_feature_mirror, uniq_psyche
Temple:   mainiacjoe_temple_starburst

Skill      XL: |  1  2  3  4  5  6  7  8  9 10 |
---------------+-------------------------------+-----
Shields        | 4 5 6 |  6.8
Fighting       | 4 5 6 7 |  7.9
Armour         | 4 5 6 7 9 |  9.8
Long Blades    | 3 4 5 7 8 10 | 10.7
Dodging        | 1 2 3 4 5 |  5.0
Invocations    | 1 2 3 4 |  4.6

Action                   |  1- 3 |  4- 6 |  7- 9 | 10-12 || total
-------------------------+-------+-------+-------+-------++-------
Melee: Long sword        |    72 |   219 |   187 |       ||   478
       Headbutt          |    10 |    33 |    97 |    35 ||   175
       Scimitar          |       |       |   246 |   101 ||   347
  Use: Scroll            |       |    12 |     4 |     1 ||    17
       Potion            |       |     4 |     9 |     4 ||    17
Armor: Scale mail        |    17 |       |       |       ||    17
       Chain mail        |    27 |   119 |   209 |    63 ||   418
Dodge: Dodged            |    43 |    76 |   193 |    49 ||   361
Block: Buckler           |    19 |    44 |   112 |    24 ||   199

Table legend: (Time is in decaauts)
 A = Elapsed time spent in this place.
 B = Non-inter-level travel time spent in this place.
 C = Inter-level travel time spent in this place.
 D = Time resting spent in this place.
 E = Time spent auto-exploring this place.
 F = Levels seen in this place.
 G = Mean time per level.
                   A        B        C        D        E       F      G
               +--------+--------+--------+--------+--------+-----+--------+
         Total |  14387 |  13773 |    614 |   5032 |   6494 |  11 | 1307.9 |
       Dungeon |  13200 |  12643 |    557 |   4435 |   6204 |   9 | 1466.7 |
        Temple |    266 |    209 |     57 |      0 |    169 |   1 |  266.0 |
         Sewer |    919 |    919 |      0 |    597 |    121 |   1 |  919.0 |
               +--------+--------+--------+--------+--------+-----+--------+

Top non-repeatable levels by time:
     D:8: 2951 daAuts
     D:7: 2299 daAuts
     D:4: 1793 daAuts
     D:3: 1512 daAuts
     D:5: 1427 daAuts
     D:2: 1178 daAuts
   Sewer: 919 daAuts
     D:6: 775 daAuts
     D:9: 661 daAuts
     D:1: 601 daAuts
  Temple: 266 daAuts
